 Dungeon Crawl Stone Soup version 0.29-a0-330-g52719c12eb (webtiles) character file.

Game seed: 14272707924398209752

756 tilp the Sneak (level 7, -2/63 HPs)
             Began as a Naga Fire Elementalist on May 2, 2022.
             Was a Follower of Dithmenos.
             Slain by an orc warrior
             ... wielding a +0 dire flail
              (13 damage)
             ... on level 5 of the Dungeon.
             The game lasted 00:09:10 (6165 turns).

tilp the Sneak (Naga Fire Elementalist)             Turns: 6165, Time: 00:09:10

Health: -2/63      AC:  6    Str: 10    XL:     7   Next: 79%
Magic:  12/12      EV: 10    Int: 17    God:    Dithmenos [*.....]
Gold:   329        SH:  0    Dex: 12    Spells: 10/13 levels left

rFire   . . .      SeeInvis +   a - +1 trident (venom)
rCold   . . .      Faith    .   (no shield)
rNeg    + . .      Spirit   .   h - +1 robe
rPois   +          Reflect  .   (no helmet)
rElec   .          Harm     .   (no cloak)
rCorr   .          Rampage  .   q - +1 pair of gloves
Will    +....                   (no barding)
Stlth   ++++......              (no amulet)
HPRegen 0.20/turn               g - ring of positive energy
MPRegen 0.13/turn               v - ring of willpower

@: attractive, wreathed by umbra, very slow
A: AC +2, large, see invisible, deformed body, poison resistance, slowness 2,
spit poison 1, naga tail 1
a: Spit Poison, Renounce Religion


You were on level 5 of the Dungeon.
You worshipped Dithmenos.
Dithmenos was aware of your devotion.
You visited 1 branch of the dungeon, and saw 5 of its levels.

You collected 329 gold pieces.

Inventory:

Hand Weapons
 a - a +1 trident of venom (weapon)
 b - a +0 war axe
 n - a +0 hand axe
Missiles
 p - 163 stones
 r - 3 poisoned darts (quivered)
Armour
 c - a +0 robe of willpower
 h - a +1 robe (worn)
 q - a +1 pair of gloves (worn)
Jewellery
 g - a ring of positive energy (left hand)
 v - a ring of willpower (right hand)
Wands
 e - a wand of flame (34)
Scrolls
 l - a scroll of vulnerability
 s - a scroll of enchant armour
 u - a scroll of identify
 w - a scroll of holy word {unknown}
Potions
 d - 2 potions of cancellation
 f - a potion of haste
 j - 2 potions of magic
 k - a potion of berserk rage {unknown}
 m - a potion of mutation {unknown}
 o - a potion of curing
 t - 2 potions of brilliance {unknown}


   Skills:
 + Level 3.8 Fighting
 - Level 2.0 Dodging
 - Level 6.0 Stealth
 + Level 3.5 Spellcasting
 + Level 3.2 Conjurations
 + Level 5.1 Fire Magic


You had 10 spell levels left.
You knew the following spells:

 Your Spells              Type           Power      Damage    Failure   Level
a - Foxfire               Conj/Fire      68%        2x1d7     3%          1
b - Scorch                Fire           40%        2d7       3%          2

Your spell library contained the following spells:

 Spells                   Type           Power      Damage    Failure   Level
 Conjure Flame            Conj/Fire      17%        6-21      9%          3
 Animate Skeleton         Necr           6%         N/A       17%         1
 Apportation              Tloc           6%         N/A       17%         1
 Summon Small Mammal      Summ           12%        N/A       17%         1
 Inner Flame              Hex/Fire       11%        N/A       17%         3
 Sublimation of Blood     Necr           3%         N/A       26%         2
 Flame Wave               Conj/Fire      17%        2d6       28%         4
 Freezing Cloud           Conj/Ice/Air   3%         6-21      96%         5
 Agony                    Necr           3%         N/A       99%         5


Dungeon Overview and Level Annotations

Branches:
Dungeon (5/15)
 Temple: D:4-7

Altars:
Dithmenos
Okawaru
Ru
Sif Muna
Vehumet

Annotations:
D:5 Dowan


Innate Abilities, Weirdness & Mutations

Your serpentine skin is tough. (AC +2)
You have supernaturally acute eyesight. (SInv)
Armour fits poorly on your strangely shaped body.
Your system is resistant to poisons. (rPois)
You cover ground very slowly.
You can spit poison.
You have a snake-like lower body.


Message History

You kill the orc priest!
Dithmenos accepts your kill.
The orc warrior hits you with a +0 dire flail!
* * * LOW HITPOINT WARNING * * *
It was a potion of curing.
You feel better.
The orc warrior hits you with a +0 dire flail.
* * * LOW HITPOINT WARNING * * *
Unknown command.
You feel better.
The orc warrior is no longer more vulnerable to fire.
The orc warrior barely misses you.
Unknown command.
Casting: Scorch (safe; 3% risk of failure)
Confirm with . or Enter, or press ? or * to list all spells.
Flames lash the orc warrior but do no damage.
The orc warrior hits you with a +0 dire flail!
* * * LOW HITPOINT WARNING * * *
Unknown command.
You closely miss the orc warrior.
The orc warrior is moderately wounded.
The orc warrior hits you with a +0 dire flail.
* * * LOW HITPOINT WARNING * * *
Unknown command.
You closely miss the orc warrior.
The orc warrior is moderately wounded.
The orc warrior hits you but does no damage.
Unknown command.
You barely miss the orc warrior.
The orc warrior is moderately wounded.
The orc warrior hits you with a +0 dire flail!
* * * LOW HITPOINT WARNING * * *
Unknown command.
Okay, then.
It was a potion of attraction.
You feel attractive to monsters. The orc warrior barely misses you.
Unknown command.
Magic courses through your body.
The orc warrior hits you with a +0 dire flail!
You die...

#...## 8..# ..#
#....# 8.## ...#
#...## (o..$
...# #...# #)#.#
#...#
#...##ooo.#
#..##...#
#..#..#
#..#.##########.
#(...))o@.......
#....#######....
###### #


You could see an orc warrior.

Vanquished Creatures
  A sky beast (D:5)
  A phantom (D:5)
  A gnoll sergeant (D:5)
  A scorpion (D:4)
  A hound (D:4)
  An orc priest (D:5)
  A jelly (D:5)
  5 orc wizards
  An iguana (D:5)
  12 adders
  3 gnolls (D:5)
  A white imp (D:4)
  2 ufetubi (D:5)
  2 worms
  A dart slug (D:1)
  8 orcs
  9 endoplasms
  3 giant cockroaches
  9 goblins
  4 hobgoblins
  3 jackals (D:4)
  4 quokkas
  5 ball pythons
  6 bats
  2 frilled lizards
  3 kobolds
  9 rats
99 creatures vanquished.

Vanquished Creatures (others)
  77 foxfires
77 creatures vanquished.

Grand Total: 176 creatures vanquished

Notes
Turn   | Place    | Note
-------+----------+-------------------------------------------
     0 | D:1      | tilp the Naga Fire Elementalist began the quest for the
                  | Orb.
     0 | D:1      | Reached XP level 1. HP: 15/15 MP: 3/3
   102 | D:1      | Reached XP level 2. HP: 16/22 MP: 1/5
   184 | D:1      | Noticed a shining eye
   194 | D:1      | Noticed a floating eye
   195 | D:1      | Found a faded altar of an unknown god.
   199 | D:1      | Learned a level 2 spell: Scorch
   203 | D:1      | Noticed an eye of devastation
   206 | D:1      | Noticed a great orb of eyes
   931 | D:2      | Reached XP level 3. HP: 18/30 MP: 0/6
  1386 | D:2      | Reached skill level 1 in Fighting
  1945 | D:3      | Reached XP level 4. HP: 37/38 MP: 1/7
  2089 | D:3      | Found a shadowy altar of Dithmenos.
  2145 | D:3      | Became a worshipper of Dithmenos the Shadowed
  2234 | D:3      | Reached skill level 4 in Stealth
  3012 | D:3      | Reached skill level 5 in Stealth
  3213 | D:3      | Found a sacrificial altar of Ru.
  3490 | D:4      | Found a shimmering blue altar of Sif Muna.
  3496 | D:4      | Reached XP level 5. HP: 42/45 MP: 2/8
  3596 | D:4      | Reached skill level 6 in Stealth
  3763 | D:4      | Reached XP level 6. HP: 54/54 MP: 6/9
  4133 | D:4      | Found a radiant altar of Vehumet.
  4320 | D:4      | Reached * piety under Dithmenos
  4715 | D:5      | Entered Level 5 of the Dungeon
  5223 | D:5      | Reached XP level 7. HP: 59/62 MP: 2/11
  5806 | D:5      | Found an iron altar of Okawaru.
  5885 | D:5      | Got the Handbook of Gliding Sinister Magic
  5995 | D:5      | Noticed Dowan
  6024 | D:5      | Reached skill level 5 in Fire Magic
  6165 | D:5      | Slain by an orc warrior

Illustrated notes

Levels and vault maps discovered:
D:1:      dpeg_arrival_fog, layout_basic, hellmonk_ecumenical_altar_watching_god
D:2:      layout_basic
D:3:      layout_loops_corners, nicolae_dithmenos_the_darkroom,
          nicolae_ru_the_path_less_chosen
D:4:      layout_loops_ring, kennysheep_orc_sif_temple, vehumet_crystals,
          serial_bayou_pond_c
D:5:      layout_gridville, kennysheep_okawaru_gauntlet,
          guppyfry_early_orc_mine, uniq_duvessa

Skill      XL: |  1  2  3  4  5  6  7 |
---------------+----------------------+-----
Fire Magic     | 4 5 |  5.1
Fighting       | 1 2 3 |  3.8
Dodging        | 2 |  2.0
Stealth        | 5 6 |  6.0
Conjurations   | 2 3 |  3.2
Spellcasting   | 3 |  3.5

Action                   |  1- 3 |  4- 6 |  7- 9 || total
-------------------------+-------+-------+-------++-------
Melee: War axe           |    15 |     6 |       ||    21
       Punch             |     1 |       |       ||     1
       Trident           |       |    64 |    33 ||    97
Throw: Dart              |       |       |     1 ||     1
 Cast: Foxfire           |    41 |     8 |     1 ||    50
       Scorch            |    11 |    41 |    21 ||    73
 Abil: Spit Poison       |       |     2 |     2 ||     4
  Use: Scroll            |     7 |     3 |       ||    10
       Potion            |       |       |     4 ||     4
 Stab: Sleeping          |       |     8 |       ||     8
Armor: Robe              |    12 |    39 |    13 ||    64
Dodge: Dodged            |    25 |    58 |    26 ||   109

Table legend: (Time is in decaauts)
 A = Elapsed time spent in this place.
 B = Non-inter-level travel time spent in this place.
 C = Inter-level travel time spent in this place.
 D = Time resting spent in this place.
 E = Time spent auto-exploring this place.
 F = Levels seen in this place.
 G = Mean time per level.
                   A        B        C        D        E       F      G
               +--------+--------+--------+--------+--------+-----+--------+
         Total |   7476 |   7123 |    353 |    835 |   5436 |   5 | 1495.2 |
       Dungeon |   7476 |   7123 |    353 |    835 |   5436 |   5 | 1495.2 |
               +--------+--------+--------+--------+--------+-----+--------+

Top non-repeatable levels by time:
     D:4: 1932 daAuts
     D:3: 1729 daAuts
     D:2: 1529 daAuts
     D:5: 1216 daAuts
     D:1: 1068 daAuts
